 Dungeon Crawl Stone Soup version 0.24.0-13-gcf9b319 (webtiles) character file.

Game seed: 4671264831619458171, levelgen mode: deterministic

506 sweetbreads the Cutter (level 7, 0/66 HPs)
             Began as a Kobold Berserker on Apr 23, 2020.
             Was a Priest of Trog.
             Slain by a gnoll
             ... wielding a +0 halberd
              (4 damage)
             ... on level 5 of the Dungeon.
             The game lasted 00:15:01 (4657 turns).

sweetbreads the Cutter (Kobold Berserker)           Turns: 4657, Time: 00:15:02

Health: 0/66       AC:  2    Str: 19    XL:     7   Next: 41%
Magic:  7/7        EV: 18    Int:  9    God:    Trog [***...]
Gold:   180        SH:  0    Dex: 16    Spells: 6/6 levels left

rFire    . . .     SeeInvis .   a - +0 short sword
rCold    . . .     Gourm    .   (shield restricted)
rNeg     . . .     Faith    .   b - +0 animal skin
rPois    .         Spirit   .   (no helmet)
rElec    .         Reflect  .   (no cloak)
rCorr    .         Harm     .   (no gloves)
MR       .....                  (no boots)
Stlth    ..........             (no amulet)
HPRegen  0.21/turn              (no ring)
MPRegen  0.10/turn              (no ring)

@: berserking, very quick
A: small, carnivore
a: Berserk, Trog's Hand, Renounce Religion


You were on level 5 of the Dungeon.
You worshipped Trog.
Trog was most pleased with you.
You were not hungry.

You visited 1 branch of the dungeon, and saw 5 of its levels.

You collected 180 gold pieces.

Inventory:

Hand Weapons
 a - a +0 short sword (weapon)
 i - a cursed -2 club
Missiles
 k - 42 poisoned darts (quivered)
 l - 8 silver boomerangs
 r - 6 curare-tipped darts
Armour
 b - a +0 animal skin (worn)
 m - a cursed +0 ring mail
Jewellery
 n - an uncursed amulet of the acrobat {unknown}
 y - an uncursed ring of stealth {unknown}
 z - a cursed -2 ring of protection {unknown}
 A - a +4 ring of intelligence {unknown}
Wands
 q - a wand of acid (7)
Scrolls
 d - a scroll of noise {unknown}
 f - 5 scrolls of amnesia {unknown}
 g - 5 scrolls of identify {unknown}
 p - a scroll of enchant weapon {unknown}
 s - a scroll of fear {unknown}
 u - a scroll of immolation {unknown}
 v - 2 scrolls of remove curse {unknown}
 B - a scroll of random uselessness {unknown}
 C - 2 scrolls of teleportation {unknown}
Potions
 e - 2 potions of haste {unknown}
 h - 3 potions of heal wounds {unknown}
 j - a potion of degeneration {unknown}
 o - 3 potions of agility {unknown}
 t - 2 potions of curing {unknown}
 w - a potion of cancellation {unknown}
 x - a potion of magic {unknown}
Comestibles
 c - 7 rations


   Skills:
 + Level 5.1 Fighting
 + Level 6.3 Short Blades
 - Level 2.0 Armour
 + Level 4.9 Dodging
 + Level 4.4 Stealth


You had 6 spell levels left.
You didn't know any spells.
Your spell library was empty.

Dungeon Overview and Level Annotations

Branches:
Dungeon (5/15)
 Temple: D:4-7

Altars:
Makhleb
Qazlal
Xom
Yredelemnul


Innate Abilities, Weirdness & Mutations

You are small and have problems with some larger weapons.
You are carnivorous and can eat meat at any time.


Message History

The orc hits you with a +0 dagger.
You puncture the orc!
You kill the orc!
Trog accepts your kill.
The gnoll hits you from afar with a +0 halberd!
A gnoll comes into view. It is wielding a +0 halberd.
A gnoll comes into view. It is wielding a +0 halberd.
The gnoll shouts!
Found a stone staircase leading up.
You see here a +0 dagger.
You hit the gnoll.
The gnoll is moderately wounded.
The gnoll hits you with a +0 halberd!!
* * * LOW HITPOINT WARNING * * *
You closely miss the gnoll.
The gnoll is moderately wounded.
You hit the gnoll.
The gnoll is heavily wounded.
The gnoll hits you with a +0 halberd.
You die...

... #.# #.#
#.# ##.####
.....
####..#
#<##.#
#...@#
#.##.g#
#...g....
#.##..##.g.
#.#..#. ...
#.#..... #.
###.#..#.
#< .....


You could see 3 gnolls.

Vanquished Creatures
  Grinder (D:4)
  A howler monkey (D:4)
  An orc priest (D:3)
  2 centaur skeletons
  An orc wizard (D:3)
  3 adders
  3 gnolls (D:2)
  2 oozes
  A dart slug (D:1)
  5 worms
  A leopard gecko (D:1)
  8 orcs
  2 ball pythons
  6 bats
  2 giant cockroaches
  9 goblins
  9 hobgoblins
  5 jackals
  A quokka (D:2)
  6 frilled lizards
  9 kobolds
  11 rats
89 creatures vanquished.

Notes
Turn   | Place    | Note
-------+----------+-------------------------------------------
     0 | D:1      | sweetbreads the Kobold Berserker began the quest for the
                  | Orb.
     0 | D:1      | Reached XP level 1. HP: 14/14 MP: 1/1
   332 | D:1      | Reached XP level 2. HP: 19/19 MP: 2/2
   809 | D:1      | Reached XP level 3. HP: 23/23 MP: 3/3
  1214 | D:1      | Reached ** piety under Trog
  1853 | D:2      | Reached skill level 1 in Stealth
  1853 | D:2      | Reached XP level 4. HP: 29/29 MP: 4/4
  2140 | D:2      | Reached skill level 5 in Short Blades
  2144 | D:2      | Reached XP level 5. HP: 26/33 MP: 5/5
  2804 | D:3      | Found a stormy altar of Qazlal.
  2805 | D:3      | Found a burning altar of Makhleb.
  3230 | D:3      | Reached *** piety under Trog
  3255 | D:3      | Reached XP level 6. HP: 38/39 MP: 6/6
  3329 | D:3      | Found a basalt altar of Yredelemnul.
  3926 | D:4      | Found a shimmering altar of Xom.
  3927 | D:4      | Found a shimmering altar of Xom.
  3950 | D:4      | Noticed Grinder
  3965 | D:4      | Killed Grinder
  3965 | D:4      | Reached skill level 5 in Fighting
  3965 | D:4      | Reached skill level 6 in Short Blades
  3965 | D:4      | Reached XP level 7. HP: 6/44 MP: 7/7
  4485 | D:4      | Found a shimmering altar of Xom.
  4485 | D:4      | Found a shimmering altar of Xom.
  4485 | D:4      | Found a shimmering altar of Xom.
  4485 | D:4      | Found a shimmering altar of Xom.
  4485 | D:4      | Found a shimmering altar of Xom.
  4642 | D:5      | Entered Level 5 of the Dungeon
  4657 | D:5      | Slain by a gnoll

Levels and vault maps discovered:
D:1:      wander_arrival_lonely_grave, layout_basic, minmay_quantized
D:2:      layout_basic
D:3:      layout_loops_cross, chequers_temple_overflow_statue_of_worship,
          old_standard_altar
D:4:      layout_cave_pools, xom_redecorated, first_ration, uniq_grinder
D:5:      layout_basic, minmay_temple_entry_mini_moons, minmay_ogre_servants,
          uniq_eustachio, uniq_pikel

Skill      XL: |  1  2  3  4  5  6 |
---------------+-------------------+-----
Dodging        | 3 4 |  4.9
Armour         | 2 |  2.0
Stealth        | 1 3 4 |  4.4
Fighting       | 4 5 |  5.1
Short Blades   | 5 6 |  6.3

Action                   |  1- 3 |  4- 6 |  7- 9 || total
-------------------------+-------+-------+-------++-------
Melee: Short sword       |   117 |   168 |    19 ||   304
Throw: Dart              |     1 |    30 |       ||    31
Invok: Berserk           |     7 |     7 |     1 ||    15
 Stab: Sleeping          |     1 |     6 |       ||     7
  Eat: Chunk             |    11 |    15 |     1 ||    27
Armor: Animal skin       |     9 |    24 |     2 ||    35
Dodge: Dodged            |    80 |    95 |    10 ||   185
